 Dungeon Crawl Stone Soup version 0.27.0-1-g7a089689b8 (webtiles) character file.

Game seed: 6265173953469949961

96 belegose the Grave Robber (level 4, -5/37 HPs)
             Began as a Ghoul Necromancer on Aug 5, 2021.
             Slain by Crazy Yiuf (11 damage)
             ... on level 2 of the Dungeon.
             The game lasted 00:07:00 (2745 turns).

belegose the Grave Robber (Ghoul Necromancer)       Turns: 2745, Time: 00:07:01

Health: -5/37      AC:  2    Str: 12    XL:     4   Next: 67%
Magic:  2/5        EV: 12    Int: 10    God:
Gold:   42         SH:  0    Dex:  9    Spells: 5/6 levels left

rFire    . . .     SeeInvis .   (no weapon)
rCold    + . .     Faith    .   (no shield)
rNeg     + + +     Spirit   .   a - +0 robe
rPois    ∞         Reflect  .   (no helmet)
rElec    .         Harm     .   (no cloak)
rCorr    .         Rampage  .   (no gloves)
Will     .....                  (no boots)
Stlth    ++........             (no amulet)
HPRegen  0.00/turn              (no ring)
MPRegen  0.09/turn              (no ring)

@: very slightly contaminated, inhibited regen
A: claws 1, cold resistance 1, negative energy resistance 3, inhibited
regeneration, torment resistance 2
a: no special abilities


You were on level 2 of the Dungeon.
You visited 1 branch of the dungeon, and saw 2 of its levels.

You collected 42 gold pieces.

Inventory:

Hand Weapons
 c - a +0 dagger
 g - a +0 short sword
Missiles
 e - 17 bolts
 h - 5 stones
Armour
 a - a +0 robe (worn)
Scrolls
 f - a scroll of enchant armour {unknown}
 j - a scroll of identify {unknown}
 k - a scroll of fog {unknown}
Potions
 b - a potion of degeneration {unknown}
 d - 2 potions of invisibility {unknown}
 i - a potion of heal wounds {unknown}


   Skills:
 + Level 2.4 Fighting
 + Level 1.9 Armour
 - Level 1.7 Dodging
 + Level 3.7 Stealth
 - Level 1.7 Spellcasting
 - Level 4.0 Necromancy


You had 5 spell levels left.
You knew the following spells:

 Your Spells              Type           Power      Damage    Failure   Level
a - Pain                  Necr           32%        1d5       6%          1

Your spell library contained the following spells:

 Spells                   Type           Power      Damage    Failure   Level
 Animate Skeleton         Necr           16%        N/A       6%          1
 Vampiric Draining        Necr           4%         2d6       19%         3
 Passwall                 Tmut/Erth      0%         N/A       43%         2
 Animate Dead             Necr           4%         N/A       52%         4
 Swiftness                Air            0%         N/A       67%         3
 Agony                    Necr           8%         N/A       86%         5
 Invisibility             Hex            0%         N/A       100%        6


Dungeon Overview and Level Annotations

Branches:
Dungeon (2/15)

Altars:

Annotations:
D:2 Crazy Yiuf


Innate Abilities, Weirdness & Mutations

You thrive by killing the living.
You are immune to poison.
You have sharp fingernails.
Your flesh is cold resistant. (rC+)
You are immune to negative energy. (rN+++)
You do not regenerate when monsters are visible.
You are immune to unholy pain and torment.


Message History

Aim: Crazy Yiuf, wielding a +2 quarterstaff of chaos and wearing a +0 cloak (heavily wounded, chance to affect: 66%) Crazy Yiuf writhes in agony.
The ball python closely misses you. The ball python misses you.
The ball python bites you.
* * * LOW HITPOINT WARNING * * *
The ball python closely misses you.
Casting: Pain (safe; 6% risk of failure)
Confirm with . or Enter, or press ? or * to list all spells.
Aiming: Pain (safe; 6% risk of failure)
Press: ? - help, Shift-Dir - straight line, f/p - Crazy Yiuf
Aim: Crazy Yiuf, wielding a +2 quarterstaff of chaos and wearing a +0 cloak (almost dead, chance to affect: 66%)
Okay, then.
The ball python barely misses you. The ball python closely misses you.
You barely miss the ball python. The ball python bites you.
* * * LOW HITPOINT WARNING * * *
The ball python closely misses you.
Crazy Yiuf laughs, "Hack Hive foot!"
Unknown command.
You scratch the ball python.
You kill the ball python!
You feel better.
There is an open door here.
Crazy Yiuf says, "Line ragdoll eyeball!"
Crazy Yiuf cries, "Proton!
Papa stair bush."
Casting: Pain (safe; 6% risk of failure)
Confirm with . or Enter, or press ? or * to list all spells.
Aiming: Pain (safe; 6% risk of failure)
Press: ? - help, Shift-Dir - straight line, f/p - Crazy Yiuf
Aim: Crazy Yiuf, wielding a +2 quarterstaff of chaos and wearing a +0 cloak (almost dead, chance to affect: 66%) Crazy Yiuf writhes in agony.
Crazy Yiuf closely misses you.
Casting: Pain (safe; 6% risk of failure)
Confirm with . or Enter, or press ? or * to list all spells.
Aiming: Pain (safe; 6% risk of failure)
Press: ? - help, Shift-Dir - straight line, f/p - Crazy Yiuf
Aim: Crazy Yiuf, wielding a +2 quarterstaff of chaos and wearing a +0 cloak (almost dead, chance to affect: 66%)
You miscast Pain.
You are very lightly contaminated with residual magic.
Nothing appears to happen.
Crazy Yiuf hits you with a +2 quarterstaff of chaos!
You die...

##+# #........#
##...## #.##..#..#
##.....## #.##.##..#
##.......###..#.....#
#
#.........##.#....#.#
...
+.........'..........
#####....#
#.........##.#....#.##
#.<....#
#.......###.##.#.#.#
#.###.## ##..@..## #..
>.... #. ##.g.## ####
#.## #S ##'## .# #.
#.# # ## #.# ##†##
##...## #.....#
..####....########


You could see Crazy Yiuf.

Vanquished Creatures
  Natasha (D:2)
  3 adders (D:2)
  A dart slug (D:1)
  3 endoplasms
  3 giant cockroaches
  5 goblins (D:1)
  3 hobgoblins (D:1)
  3 jackals (D:1)
  4 kobolds
  A quokka (D:1)
  6 ball pythons
  4 bats
  A frilled lizard (D:1)
  4 rats
42 creatures vanquished.

Notes
Turn   | Place    | Note
-------+----------+-------------------------------------------
     0 | D:1      | belegose the Ghoul Necromancer began the quest for the Orb.
     0 | D:1      | Reached XP level 1. HP: 14/14 MP: 2/2
   396 | D:1      | Reached XP level 2. HP: 22/22 MP: 1/3
   428 | D:1      | Reached skill level 1 in Fighting
   597 | D:1      | Reached skill level 1 in Armour
   917 | D:1      | Reached XP level 3. HP: 23/28 MP: 4/4
  1924 | D:2      | Reached XP level 4. HP: 18/36 MP: 2/5
  2129 | D:2      | Noticed Natasha
  2221 | D:2      | Killed Natasha
  2370 | D:2      | Found a runed translucent door.
  2371 | D:2      | Noticed Crazy Yiuf
  2670 | D:2      | Found a faded altar of an unknown god.
  2745 | D:2      | Slain by Crazy Yiuf

Illustrated notes

Levels and vault maps discovered:
D:1:      minmay_arrival_three_doors, layout_loops_ring,
          hangedman_decor_peaks_small
D:2:      layout_loops_corners, hellmonk_ecumenical_altar_heavens_door,
          chequers_serial_rivers_micro_b, chequers_serial_rivers_small_b,
          hangedman_decor_slide_cut, nrook_campfire, uniq_natasha,
          uniq_crazy_yiuf_cottage

Skill      XL: |  1  2  3 |
---------------+----------+-----
Fighting       | 1 2 |  2.4
Armour         | 1 |  1.9
Stealth        | 3 |  3.7
Dodging        | |  1.7
Spellcasting   | |  1.7
Necromancy     | |  4.0

Action                   |  1- 3 |  4- 6 || total
-------------------------+-------+-------++-------
Melee: Unarmed           |   167 |    24 ||   191
 Cast: Pain              |    12 |    20 ||    32
 Stab: Sleeping          |     3 |     1 ||     4
Armor: Robe              |    28 |     4 ||    32
Dodge: Dodged            |   102 |    17 ||   119
